 Dungeon Crawl Stone Soup version 0.19.5 (webtiles) character file.

1120 tricornhat the Magician (level 8, -1/54 HPs)
             Began as a Demonspawn Ice Elementalist on Apr 11, 2017.
             Was a Follower of Vehumet.
             Slain by a crocodile (19 damage)
             ... in a sewer on Apr 21, 2017.
             The game lasted 00:41:53 (4718 turns).

tricornhat the Magician (DsIE)                      Turns: 4718, Time: 00:41:54

Health: -1/54      AC:  5    Str:  9    XL:     8   Next: 12%
Magic:  17/18      EV: 13    Int: 18    God:    Vehumet [*.....]
Gold:   220        SH:  0    Dex: 14    Spells: 3 memorised, 13 levels left

rFire  . . .     SeeInvis .     a - +3 quarterstaff (chaos)
rCold  . . .     Gourm    .     o - +2 robe {Archmagi}
rNeg   . . .     Faith    .     (shield currently unavailable)
rPois  .         Spirit   .     r - +0 helmet
rElec  .         Reflect  .     (no cloak)
rCorr  +         Harm     .     (no gloves)
MR     .....                    (boots unavailable)
Stlth  ++........               (no amulet)
                                (no ring)
                                y - ring of resist corrosion

@: no status effects
A: talons 3, sturdy frame 1
a: Renounce Religion


You were in a sewer.
You worshipped Vehumet.
Vehumet was aware of your devotion.
You were hungry.

You visited 2 branches of the dungeon, and saw 7 of its levels.
You also visited: Sewer.

You collected 220 gold pieces.

Inventory:

Hand Weapons
 a - a +3 quarterstaff of chaos (weapon)
 e - a +0 dagger
Armour
 i - a +0 robe
 l - a +0 cloak
 o - a +2 robe of the Archmagi (worn)
 r - a +0 helmet (worn)
Magical Staves
 q - an uncursed staff of fire
 z - an uncursed staff of summoning
Jewellery
 y - a ring of resist corrosion (left hand)
 B - an uncursed amulet of regeneration
Scrolls
 d - a scroll of blinking
 h - a scroll of recharging
 n - 2 scrolls of identify
 s - 2 scrolls of random uselessness
 C - 2 scrolls of fear {unknown}
Potions
 f - 2 potions of curing
 k - a potion of brilliance {unknown}
 m - 2 potions of might {unknown}
 p - a potion of degeneration {unknown}
 t - a potion of invisibility {unknown}
 u - a potion of resistance {unknown}
 v - a potion of ambrosia {unknown}
 w - a potion of flight {unknown}
 x - a potion of lignification {unknown}
 A - a potion of cancellation {unknown}
Books
 b - a book of Frost

   Spells                             Type                      Level
   a - Freeze                         Ice                          1
   b - Throw Frost                    Conjuration/Ice              2
   c - Ozocubu's Armour               Charms/Ice                   3
   d - Throw Icicle                   Conjuration/Ice              4
   e - Summon Ice Beast               Ice/Summoning                4
Comestibles
 c - 4 bread rations
 g - a beef jerky


   Skills:
 + Level 1.2 Fighting
 + Level 0.3 Short Blades
 + Level 1.1 Staves
 + Level 2.7 Dodging
 + Level 2.7 Stealth
 * Level 6.7 Spellcasting
 + Level 1.5 Conjurations
 + Level 5.1 Ice Magic


You had 13 spell levels left.
You knew the following spells:

 Your Spells              Type           Power        Failure   Level  Hunger
a - Freeze                Ice            ####         1%          1    None
b - Throw Frost           Conj/Ice       ####..       4%          2    None
c - Throw Icicle          Conj/Ice       ####....     28%         4    ####...


Dungeon Overview and Level Annotations

Branches:
Dungeon (6/15)             Temple (1/1) D:5

Altars:
Gozag
Hepliaklqana
Kikubaaqudgha
Makhleb
Qazlal
Ru
Sif Muna
Trog
Vehumet
Xom
Yredelemnul


Innate Abilities, Weirdness & Mutations

You have claws for feet.
Your movements are slightly less encumbered by armour. (ER -2)


Message History

The crocodile bites you!!
Found a ring mail.
You hit the crocodile. Your kick misses the crocodile.
The crocodile is lightly wounded.
The crocodile bites you!
You closely miss the crocodile.
You claw the crocodile, but do no damage.
The crocodile is lightly wounded.
The crocodile bites you! The crocodile barely misses you.
Casting: Freeze
Confirm with . or Enter, or press ? or * to list all spells.
Aiming: Freeze
Press: ? - help, Shift-Dir - straight line, f - crocodile
Aim: a crocodile You feel a surge of power!
You freeze the crocodile.
The crocodile is moderately wounded.
The crocodile bites you!
* * * LOW HITPOINT WARNING * * *
It was a potion of curing.
You feel better. The crocodile bites you!!
You die...

#..# ..#
#.≈# ..#
#..## ..#
#.≈≈# ...#
##..###..#
#..≈#≈..#
##.....#
#.≈..≈#
##@≈.##
#t..#
.#≈#≈$# [!
.#?[# ###
## ##


You could see a crocodile.

Vanquished Creatures
  Sigmund (D:2)
  A black bear (D:6)
  A phantom (D:4)
  A sky beast (D:6)
  A bullfrog (D:3)
  A scorpion (D:4)
  The ghost of North the Skirmisher, a weakling DsFi (D:3)
  A bullfrog zombie (D:4)
  An orc priest (D:6)
  Crazy Yiuf (D:2)
  A bullfrog skeleton (D:4)
  A centaur skeleton (D:6)
  Terence (D:2)
  An orc wizard (D:4)
  Natasha (thrice) (D:2)
  2 worker ants (D:4)
  A worker ant zombie (D:5)
  A howler monkey skeleton (D:6)
  7 adders
  3 river rats (D:6)
  An ooze (D:3)
  3 dart slugs
  9 leopard geckos
  9 orcs
  4 giant cockroaches
  10 goblins
  8 hobgoblins
  11 jackals
  3 quokkas
  A ball python (D:1)
  9 bats
  2 frilled lizards (D:3)
  9 kobolds
  9 rats
119 creatures vanquished.

Vanquished Creatures (others)
  A human (D:2)
1 creature vanquished.

Grand Total: 120 creatures vanquished

Notes
Turn   | Place    | Note
-------+----------+-------------------------------------------
     0 | D:1      | tricornhat the Demonspawn Ice Elementalist began the quest for the Orb.
     0 | D:1      | Reached XP level 1. HP: 13/13 MP: 3/3
   394 | D:1      | Gained mutation: You have sharp toenails. [demonic ancestry]
   394 | D:1      | Reached XP level 2. HP: 12/19 MP: 3/5
  1006 | D:2      | Noticed Natasha
  1017 | D:3      | Noticed North's ghost (weakling DsFi)
  1033 | D:2      | Gained mutation: You have razor-sharp toenails. [demonic ancestry]
  1033 | D:2      | Reached XP level 3. HP: 24/24 MP: 0/6
  1214 | D:2      | Found a runed door.
  1218 | D:2      | Noticed Crazy Yiuf
  1226 | D:2      | Killed Crazy Yiuf
  1226 | D:2      | Reached skill level 3 in Spellcasting
  1488 | D:2      | Found an ancient bone altar of Kikubaaqudgha.
  1488 | D:2      | Noticed a human
  1494 | D:2      | Killed a human
  1496 | D:2      | Reached XP level 4. HP: 27/30 MP: 4/8
  1685 | D:2      | Noticed Terence
  1695 | D:2      | Killed Terence
  1810 | D:2      | Found a shimmering altar of Xom.
  1878 | D:2      | Noticed Sigmund
  1894 | D:2      | Killed Sigmund
  1894 | D:2      | Reached skill level 4 in Spellcasting
  1894 | D:2      | Reached XP level 5. HP: 26/35 MP: 3/11
  1894 | D:2      | Reached XP level 6. HP: 30/41 MP: 3/12
  1984 | D:2      | Learned a level 4 spell: Throw Icicle
  1993 | D:2      | Killed Natasha
  2017 | D:2      | Noticed Natasha
  2022 | D:2      | Killed Natasha
  2136 | D:2      | Learned a level 2 spell: Throw Frost
  2237 | D:2      | Noticed Natasha
  2251 | D:2      | Killed Natasha
  2906 | D:3      | Killed North's ghost
  2906 | D:3      | Reached skill level 5 in Spellcasting
  3318 | D:4      | Gained mutation: You have claws for feet. [demonic ancestry]
  3318 | D:4      | Reached XP level 7. HP: 46/46 MP: 13/15
  3959 | D:4      | Reached skill level 1 in Fighting
  4235 | D:5      | Entered Level 5 of the Dungeon
  4260 | D:5      | Found a staircase to the Ecumenical Temple.
  4279 | Temple   | Entered the Ecumenical Temple
  4345 | Temple   | Became a worshipper of Vehumet
  4462 | D:6      | Reached skill level 6 in Spellcasting
  4469 | D:6      | Reached skill level 1 in Staves
  4485 | D:6      | Reached skill level 5 in Ice Magic
  4485 | D:6      | Gained mutation: Your movements are slightly less encumbered by armour. (ER -2) [demonic ancestry]
  4485 | D:6      | Reached XP level 8. HP: 42/54 MP: 1/17
  4606 | D:6      | Found a glowing drain.
  4620 | Sewer    | Entered a sewer
  4641 | Sewer    | Reached * piety under Vehumet
  4641 | Sewer    | Offered knowledge of Sandblast by Vehumet.
  4718 | Sewer    | Slain by a crocodile

Skill      XL: |  1  2  3  4  5  6  7 |
---------------+----------------------+-----
Ice Magic      | 3 4 5 |  5.1
Stealth        | 2 |  2.7
Spellcasting   | 3 4 5 6 |  6.7
Dodging        | 2 |  2.7
Fighting       | 1 |  1.2
Staves         | 1 |  1.1
Short Blades   | |  0.3
Conjurations   | |  1.5

Action                   |  1- 3 |  4- 6 |  7- 9 || total
-------------------------+-------+-------+-------++-------
Melee: Unarmed           |     2 |       |       ||     2
       Dagger            |    11 |    29 |       ||    40
       Kick              |     3 |     6 |    10 ||    19
       Quarterstaff      |       |     9 |    63 ||    72
 Cast: Freeze            |    51 |    77 |    55 ||   183
       Throw Frost       |       |    11 |    12 ||    23
  Use: Scroll            |     2 |     1 |     8 ||    11
       Potion            |       |       |     1 ||     1
 Stab: Sleeping          |     4 |     3 |       ||     7
  Eat: Chunk             |     2 |     6 |     1 ||     9
       Pizza             |       |       |     1 ||     1
       Beef jerky        |       |       |     1 ||     1
Armor: Robe              |    12 |    27 |    30 ||    69
Dodge: Dodged            |    44 |    65 |    90 ||   199
